cohdb
Replays
Latest Replays
All Replays
Popular Replays
Top Player Replays
Match Explorer
How It Works
Community
CoH3 Stats
Reddit
Sign in to upload your games and track your stats! →
Sign in with Steam
Match 38761039
Unlisted
Match 38761039
Overview
Messages
Build Orders
End
Construct Barracks
Riflemen Squad
Riflemen Squad
Riflemen Squad
Grenade Package
Selects Advanced Infantry Battlegroup
Selects Convert to Ranger Squad
Convert to Ranger Squad
Construct Medical Station
M1 Mortar Team
Riflemen Squad
Riflemen Squad
Infantry Support Center
Convert to Ranger Squad
M1918 Browning Automatic Rifles
Survival Training
Riflemen Squad
Selects Frontline Medical Station
Selects Ranger Weapon Training
Construct Weapon Support Center
Munitions Surplus
Improved M9 Bazooka Rockets
Advanced Logistics
Selects Ammunition Storage
Selects M2A1 105mm Howitzer Emplacement
Bazooka Squad
Riflemen Squad
Demolitions Package
ghey fish
Broche
Tanith's Finest
Kim Jong-un
0
0
Comments
sign in to comment!
No comments posted yet!